 Dungeon Crawl Stone Soup version 0.30-a0-883-g5ad918d77d (webtiles) character file.

Game seed: 5543614689033420457

150741 Newt the Markskobold (level 17, -15/101 HPs)
             Began as a Kobold Hunter on Mar 15, 2023.
             Was a High Priest of Hepliaklqana.
             Demolished by a radroach (31 damage)
             ... on level 2 of the Spider Nest on Mar 16, 2023.
             The game lasted 00:44:53 (31141 turns).

Newt the Markskobold (Kobold Hunter)               Turns: 31141, Time: 00:44:53

Health: -15/101    AC: 12    Str:  8      XL:     17   Next: 84%
Magic:  0/36       EV: 37    Int: 14      God:    Hepliaklqana [*****.]
Gold:   1398       SH:  0    Dex: 24 (25) Spells: 29/36 levels left

rFire   + . .      SeeInvis +    m - +6 shortbow (freeze)
rCold   + . .      Faith    .    (shield currently unavailable)
rNeg    . . .      Spirit   +    D - +4 moon troll leather armour {Spirit, Regen++ MP+5}
rPois   +          Reflect  .    G - +1 hat
rElec   .          Rampage  .    Q - +1 cloak {rF+}
rCorr   +                        f - +0 pair of gloves
Will    .....                    H - +0 pair of boots {Stlth+}
Stlth   ++++                     U - amulet "Ephaetz" {Acrobat rC++ Will- rCorr}
HPRegen 1.96/turn                S - ring of poison resistance
MPRegen 0.25/turn                P - ring of see invisible

@: lethally poisoned (-15 -> -36), liquefying, corroded, acrobatic, very
slightly contaminated, slowed movement, very slow
A: reduced essence, small, no large weapons, nightstalker 3, iridescent scales
1, clever 1, cold vulnerability 1
}: 1/15 runes: decaying
a: Renounce Religion, Recall Ancestor, Ancestor Identity, Transference, Idealise


You were on level 2 of the Spider Nest.
You worshipped Hepliaklqana.
Hepliaklqana was extremely pleased with you.
You visited 6 branches of the dungeon, and saw 26 of its levels.
You also visited: Ossuary and Bailey.

You collected 2876 gold pieces.
You spent 1478 gold pieces at shops.

Inventory:

Hand Weapons
 a - a +1 shortbow of draining
 m - a +6 shortbow of freezing (weapon)
Armour
 f - a +0 pair of gloves (worn)
 D - the +4 moon troll leather armour (worn) {Spirit, Regen++ MP+5}
   (You bought it in a shop on level 2 of the Orcish Mines)

   MP:        It affects your magic capacity (+5).
   Regen:     It increases your rate of health regeneration.
 G - a +1 hat (worn)
 H - a +0 pair of boots of stealth (worn)
 Q - a +1 cloak of fire resistance (worn)
Jewellery
 z - a ring of protection from cold
 C - a ring of willpower
 E - a +4 ring of protection
 P - a ring of see invisible (right hand)
 S - a ring of poison resistance (left hand)
 U - the amulet "Ephaetz" (around neck) {Acrobat rC++ Will- rCorr}
   (You acquired it on level 11 of the Dungeon)

   [amulet of the acrobat]

   It increases your evasion while moving and waiting.
   rC:        It greatly protects you from cold.
   rCorr:     It protects you from acid and corrosion.
   Will:      It decreases your willpower.
 W - a ring of protection from cold
Wands
 h - a wand of polymorph (25)
 p - a wand of flame (33)
 u - a wand of roots (9)
 A - a wand of charming (28)
 N - a wand of digging (39)
 O - a wand of light (8)
 Z - a wand of mindburst (4)
Scrolls
 b - 6 scrolls of immolation
 d - 2 scrolls of teleportation
 g - a scroll of enchant armour
 r - 8 scrolls of poison
 x - a scroll of fog
 y - a scroll of magic mapping
 I - a scroll of brand weapon
 K - 22 scrolls of identify
 M - 5 scrolls of fear
 T - 4 scrolls of amnesia
Potions
 i - 5 potions of heal wounds
 j - a potion of magic
 l - 11 potions of curing
 n - 4 potions of attraction
 o - 2 potions of lignification
 q - 3 potions of invisibility
 s - 2 potions of berserk rage
 t - 5 potions of flight
 v - 3 potions of might
 w - 3 potions of cancellation
 B - a potion of ambrosia
 J - 2 potions of haste
 V - 4 potions of brilliance
 X - 3 potions of mutation
Miscellaneous
 c - a box of beasts
 e - a lightning rod (3/4)
 k - a condenser vane (inert)


   Skills:
 - Level 15.0 Fighting
 - Level 20.0 Ranged Weapons
 - Level 6.0 Armour
 - Level 10.0 Dodging
 - Level 1.3 Stealth
 - Level 10.0 Spellcasting
 - Level 7.6 Hexes
 - Level 7.6 Translocations
 + Level 4.6 Transmutations
 - Level 8.7 Earth Magic
 - Level 9.0 Invocations
 - Level 10.0 Evocations


You had 29 spell levels left.
You knew the following spells:

 Your Spells              Type           Power      Damage    Failure   Level
a - Portal Projectile     Hex/Tloc       56%        N/A       1%          3
b - Leda's Liquefaction   Hex/Erth       14%        N/A       4%          4

Your spell library contained the following spells:

 Spells                   Type           Power      Damage    Failure   Level
 Blink                    Tloc           56%        N/A       1%          2
 Wereblood                Tmut           20%        N/A       3%          2
 Manifold Assault         Tloc           28%        N/A       6%          4
 Dazzling Flash           Conj/Hex       34%        N/A       9%          3
 Petrify                  Tmut/Erth      25%        N/A       9%          4
 Kiss of Death            Conj/Necr      28%        2d7       14%         1
 Shock                    Conj/Air       28%        1d4       14%         1
 Cigotuvi's Dreadful Rot  Necr/Pois/Air  14%        N/A       22%         2
 Poisonous Vapours        Pois/Air       14%        N/A       22%         2
 Sublimation of Blood     Necr           7%         N/A       22%         2
 Call Canine Familiar     Summ           7%         N/A       38%         3
 Mephitic Cloud           Conj/Pois/Air  7%         N/A       38%         3
 Swiftness                Air            7%         N/A       38%         3
 Blade Hands              Tmut           10%        N/A       52%         5
 Borgnjor's Vile Clutch   Necr/Erth      9%         N/A       54%         5
 Metabolic Englaciation   Hex/Ice        8%         N/A       63%         5
 Silence                  Hex/Air        8%         N/A       63%         5
 Dispersal                Tloc           14%        N/A       67%         6
 Airstrike                Air            3%         2d(1-17)  80%         4
 Animate Dead             Necr           7%         N/A       80%         4
 Statue Form              Tmut/Erth      16%        N/A       80%         6
 Agony                    Necr           7%         N/A       98%         5
 Fireball                 Conj/Fire      3%         3d4       98%         5
 Iskenderun's Battlesphe  Conj           7%         2d6       98%         5
 Conjure Ball Lightning   Conj/Air       3%         3x3d6     100%        6
 Death Channel            Necr           3%         N/A       100%        6
 Eringya's Noxious Bog    Tmut/Pois      6%         N/A       100%        6
 Haunt                    Necr/Summ      3%         N/A       100%        7
 Orb of Destruction       Conj           3%         9d5       100%        7
 Storm Form               Tmut/Air       6%         N/A       100%        7
 Summon Hydra             Summ           3%         N/A       100%        7
 Disjunction              Tloc           14%        N/A       100%        8


Dungeon Overview and Level Annotations

Branches:
Dungeon (12/15)            Temple (1/1) D:7            Lair (5/5) D:11
  Swamp (4/4) Lair:2       Spider (2/4) Lair:2        Slime (0/5) Lair:4
    Orc (2/2) D:9             Elf (0/3) Orc:2       Ossuary (visited)
 Bailey (visited)

Altars:
Ashenzari
Cheibriados
Dithmenos
Elyvilon
Fedhas
Gozag
Hepliaklqana
Kikubaaqudgha
Makhleb
Nemelex Xobeh
Okawaru
Qazlal
Ru
Sif Muna
Trog
Uskayaw
Vehumet
Wu Jian
Xom
Yredelemnul
Zin
The Shining One
Jiyva

Shops:
D:3 **((   D:5 :   D:10 *   Orc:1 *?(   Orc:2 *:[[*

Annotations:
D:9 6 transporters


Innate Abilities, Weirdness & Mutations

Your life essence is reduced to manifest your ancestor. (-10% HP)
You are small and have problems with some larger weapons.
You are completely attuned to the shadows.
You are partially covered in iridescent scales. (AC +2)
Your mind is acute. (Int +4, Str/Dex -1)
You are vulnerable to cold. (rC-)


Message History

The redback bites you but does no damage.
The redback is engulfed in poison gas.
The redback looks as sick as possible!
The redback completely misses you.
The entropy weaver is engulfed in poison gas.
The entropy weaver looks as sick as possible!
The entropy weaver completely misses you.
The entropy weaver hits you but does no damage.
The entropy weaver closely misses you. The entropy weaver barely misses you.
The redback is engulfed in poison gas.
The redback looks as sick as possible!
The redback completely misses you.
Unknown command.
You shoot an arrow.
The arrow barely misses the entropy weaver.
You feel extremely sick.
You kill the redback! x2; You kill the entropy weaver!
The jumping spider's wounds heal themselves!
Inhapi hits the radroach with a +0 broad axe of flaming.
Inhapi burns the radroach.
The redback is engulfed in poison gas.
The redback looks as sick as possible!
The redback barely misses you.
The culicivora is engulfed in poison gas.
The culicivora is poisoned.
You feel your dexterity returning.
Unknown command.
Unknown command.
The redback attacks as you move away! The redback completely misses you.
You feel extremely sick.
The redback is engulfed in poison gas.
The redback looks as sick as possible!
The jumping spider leaps!
The radroach is engulfed in poison gas.
The radroach looks even sicker.
The radroach erupts in a fountain of uncontrolled magic!
You are blasted with magical radiation!!
* * * LOW HITPOINT WARNING * * *
You are very lightly contaminated with residual magic.
Inhapi is blasted with magical radiation!!
Inhapi is destroyed!
The redback completely misses you.
The radroach is engulfed in poison gas.
The radroach looks even sicker.
The radroach erupts in a fountain of uncontrolled magic!
You are blasted with magical radiation!!!
You die...

##s..B###
#.ss....##
#.......^#...
#....°..^##..
###...s^..#.#
#..§§s○.##.##
##.§§§.##...###
#.§§§s#../...##.
....§§@B○#..R...
.^#.§§§§☼#....^.
..##§§§§##.....#
#....##<...>.
##..##......^
##....^# #.....
###.>#


You could see a radroach (very poisoned), 2 culicivoras and a redback (extremely
poisoned).

Vanquished Creatures
  the Lernaean hydra (Swamp:4)
  A tentacled monstrosity (Swamp:2)
  Frances (Swamp:1)
  A thorn hunter (Swamp:4)
  A fenstrider witch (Swamp:2)
  Roxanne (Spider:1)
  Agnes (Lair:2)
  4 eleionomae
  2 bunyips
  A minotaur (D:11)
  2 dire elephants
  2 shambling mangroves (Swamp:4)
  An entropy weaver (Spider:2)
  11 hydras
  2 vault guards (Bailey)
  A jorogumo (Spider:1)
  A radroach (Spider:1)
  4 ghost crabs
  A boulder beetle (Lair:2)
  A catoblepas (Lair:3)
  3 death yaks
  8 alligators
  5 two-headed ogres
  5 orc high priests (Orc:2)
  A spriggan berserker (Swamp:3)
  2 goliath frogs
  A bunyip zombie (Swamp:2)
  A fire crab (Lair:4)
  Lodul (D:11)
  A spectral anaconda (Lair:5)
  13 swamp dragons
  2 spriggan druids (Swamp:3)
  A death drake (Swamp:4)
  An obsidian statue (Lair:5)
  4 bog bodies
  4 wolf spiders
  2 necromancers (Lair:5)
  An ugly thing (D:12)
  An oklob plant (Lair:4)
  5 cyclopes
  Maurice (D:10)
  3 black mambas
  20 elephants
  An unseen horror (D:12)
  2 demonic crawlers (Spider:1)
  A gargoyle (D:12)
  12 cane toads
  A dire elephant zombie (Lair:5)
  A kobold demonologist (D:11)
  A rime drake (Lair:4)
  A dire elephant skeleton (Lair:5)
  Psyche (D:10)
  5 komodo dragons
  6 trolls
  A bloated husk (Swamp:1)
  Prince Ribbit (Bailey)
  A polar bear (Lair:2)
  Grinder (D:5)
  6 hornets
  4 tyrant leeches
  4 blink frogs
  7 dream sheep (Lair:3)
  4 tarantellas
  A spectral black mamba (Lair:2)
  5 jumping spiders (Spider:1)
  A shadow (D:10)
  The ghost of OrthodoxDeviant the Firebug, an amateur DEFE (D:3)
  6 spriggans
  A wraith (Ossuary)
  2 wyverns (D:9)
  2 culicivoras
  A basilisk (Lair:2)
  4 humans (Bailey)
  19 yaks
  Grum (D:10)
  2 vampire mosquitoes
  12 redbacks
  A warg (Orc:2)
  2 steam dragons
  An acid dragon (D:9)
  3 spectral cane toads (Lair:5)
  16 swamp worms
  A spectral polar bear (Lair:2)
  9 water moccasins
  A spectral yak (Lair:2)
  7 swamp drakes
  10 orc warriors
  An ice beast (D:8)
  3 sky beasts
  An elephant zombie (Lair:5)
  A hornet zombie (Swamp:2)
  4 centaurs
  13 ogres
  An elephant skeleton (Lair:5)
  15 wolves
  3 phantoms
  3 kobold brigands
  Blork the orc (D:4)
  19 bullfrogs
  6 scorpions
  2 gnoll sergeants
  2 cane toad simulacra (Lair:5)
  3 wights (D:10)
  2 elephant simulacra (Lair:5)
  8 killer bees
  2 howler monkeys
  3 electric eels
  4 hounds
  A jelly (D:6)
  31 orc priests
  2 sleepcaps (D:6)
  Ijyb (D:4)
  2 iguanas (D:4)
  6 hell rats (Lair:1)
  21 orc wizards
  3 mummies (Ossuary)
  21 gnolls
  5 adders
  2 white imps (D:6)
  3 ufetubi
  6 worms
  4 dart slugs
  71 orcs
  12 endoplasms
  5 giant cockroaches
  A gnoll zombie (Ossuary)
  8 hobgoblins
  9 jackals
  3 quokkas
  5 ball pythons
  3 bats
  A frilled lizard (D:2)
  6 goblins
  3 goblin zombies (Ossuary)
  A hobgoblin zombie (Ossuary)
  25 kobolds
  3 kobold zombies (Ossuary)
  An orc zombie (Ossuary)
658 creatures vanquished.

Vanquished Creatures (collateral kills)
  The ghost of jejorda2 the Peltast, an adept MfBe of Trog (Swamp:2)
  2 emperor scorpions (Spider:1)
  A ghost moth (Spider:1)
  2 dire elephants (Lair:5)
  An eleionoma (Swamp:4)
  A shambling mangrove (Swamp:1)
  5 hydras
  4 alligators
  A ghost crab (Swamp:4)
  A boulder beetle (D:12)
  2 orc high priests (Orc:2)
  3 skysharks
  2 goliath frogs
  A spectral death yak (Lair:5)
  2 swamp dragons
  A bunyip skeleton (Swamp:2)
  A steelbarb worm (Spider:1)
  A lindwurm (Lair:5)
  5 bog bodies
  A necromancer (Lair:5)
  A will-o-the-wisp (Swamp:1)
  2 wolf spiders (Spider:1)
  3 elephants
  A dire elephant skeleton (Lair:5)
  A cane toad (Lair:3)
  A spectral skyshark (Lair:2)
  3 rime drakes
  2 komodo dragons
  A tyrant leech (Swamp:3)
  2 hornets
  2 tarantellas (Spider:1)
  2 blink frogs
  A culicivora (Spider:2)
  2 yaks (Lair:2)
  A wyvern (D:11)
  A spectral komodo dragon (Lair:2)
  A redback (Spider:1)
  7 vampire mosquitoes
  2 spectral cane toads (Lair:2)
  3 wargs (Orc:2)
  2 swamp worms (Swamp:2)
  3 swamp drakes (Swamp:4)
  4 water moccasins
  A spriggan simulacrum (Swamp:2)
  6 orc warriors
  2 hornet zombies (Swamp:2)
  A centaur (Lair:2)
  3 orc priests (Orc:2)
  A hell rat (Lair:1)
  2 orc wizards
  17 orcs
119 creatures vanquished.

Vanquished Creatures (others)
  The ghost of jerryboi the Fighter, a journeyman HOFi of Ashenzari (D:11)
  A bloated husk (Swamp:1)
  11 knights
  4 ancestors
  A bush (Lair:4)
  4 foxfires (Swamp:1)
  21 fungi
  27 plants
  8 toadstools (Lair:3)
  33 withered plants (Lair:5)
111 creatures vanquished.

Grand Total: 888 creatures vanquished

Notes
Turn   | Place    | Note
-------+----------+-------------------------------------------
     0 | D:1      | Newt the Kobold Hunter began the quest for the Orb.
     0 | D:1      | Reached XP level 1. HP: 12/12 MP: 1/1
    53 | D:1      | Reached XP level 2. HP: 16/18 MP: 2/2
   116 | D:1      | Noticed a shining eye
   117 | D:1      | Found a faded altar of an unknown god.
   117 | D:1      | Noticed a floating eye
   124 | D:1      | Noticed a golden eye
   130 | D:1      | Noticed an eye of devastation
   331 | D:1      | Reached XP level 3. HP: 23/23 MP: 3/3
   958 | D:2      | Reached XP level 4. HP: 28/30 MP: 4/4
  1065 | D:2      | Found a sacrificial altar of Ru.
  1610 | D:3      | Found a runed translucent door.
  1638 | D:3      | Reached skill level 5 in Fighting
  1643 | D:3      | Reached XP level 5. HP: 23/35 MP: 5/5
  1696 | D:3      | Found Oshaigann's Assorted Antiques.
  1704 | D:3      | Bought a fizzy coppery potion for 14 gold pieces
  1704 | D:3      | Bought a scroll labelled OBLYFUOCAPN for 16 gold pieces
  1704 | D:3      | Bought a scroll of identify for 32 gold pieces
  1756 | D:3      | Found a shimmering blue altar of Sif Muna.
  1768 | D:3      | Found a glowing silver altar of Zin.
  1781 | D:3      | Found a glowing golden altar of the Shining One.
  1784 | D:3      | Found a shimmering altar of Xom.
  1890 | D:3      | Found Ohoiptij's Antique Weapon Shoppe.
  1924 | D:3      | Reached skill level 6 in Ranged Weapons
  2024 | D:3      | Found Voebuali's Weapon Shop.
  2039 | D:3      | Bought a +0 shortbow of freezing for 74 gold pieces
  2357 | D:3      | Found Lain Add's Assorted Antiques.
  2381 | D:3      | Noticed OrthodoxDeviant's ghost (amateur DEFE)
  2395 | D:3      | Killed OrthodoxDeviant's ghost
  2396 | D:3      | Reached skill level 7 in Ranged Weapons
  2396 | D:3      | Reached XP level 6. HP: 25/40 MP: 6/6
  2556 | D:4      | Reached skill level 8 in Ranged Weapons
  2618 | D:4      | Identified the +5 dagger "Demonbane" {protect, rF- rC+++
                  | rN+++ Dex-5}
  2623 | D:4      | Found a basalt altar of Yredelemnul.
  2623 | D:4      | Found a sacrificial altar of Ru.
  2676 | D:4      | Noticed Ijyb
  2681 | D:4      | Killed Ijyb
  2701 | D:4      | Reached XP level 7. HP: 21/44 MP: 7/7
  2807 | D:4      | Noticed a water moccasin
  2810 | D:4      | Killed a water moccasin
  2811 | D:4      | Reached skill level 9 in Ranged Weapons
  2856 | D:4      | Noticed Blork the orc
  2868 | D:4      | Killed Blork the orc
  3297 | D:4      | Reached skill level 10 in Ranged Weapons
  3420 | D:5      | Entered Level 5 of the Dungeon
  3472 | D:5      | Found a sand-covered staircase.
  3472 | D:5      | Noticed Grinder
  3519 | D:5      | Killed Grinder
  3520 | D:5      | Reached skill level 5 in Dodging
  3520 | D:5      | Reached XP level 8. HP: 30/49 MP: 8/8
  3550 | Ossuary  | Entered an ossuary
  3590 | Ossuary  | Noticed a wraith
  3993 | Ossuary  | Noticed a wraith
  4006 | Ossuary  | Killed a wraith
  4326 | D:5      | Reached skill level 11 in Ranged Weapons
  4327 | D:5      | Found Ola Vile's Book Shoppe.
  4835 | D:6      | Gained mutation: Your flesh is cold resistant. (rC+)
                  | [potion of mutation]
  4835 | D:6      | Gained mutation: You possess an exceptional clarity of
                  | mind. [potion of mutation]
  4835 | D:6      | Gained mutation: Armour fits poorly on your strangely
                  | shaped body. [potion of mutation]
  4836 | D:6      | Lost mutation: Armour fits poorly on your strangely shaped
                  | body. [potion of mutation]
  4836 | D:6      | Lost mutation: Your flesh is cold resistant. (rC+) [potion
                  | of mutation]
  4836 | D:6      | Lost mutation: You possess an exceptional clarity of mind.
                  | [potion of mutation]
  4837 | D:6      | Gained mutation: You have very sharp teeth. [potion of
                  | mutation]
  4837 | D:6      | Gained mutation: Your magical capacity is low. (-10% MP)
                  | [potion of mutation]
  4837 | D:6      | Gained mutation: Your spells are a little harder to cast,
                  | but a little more powerful. [potion of mutation]
  4891 | D:6      | Reached skill level 12 in Ranged Weapons
  4894 | D:6      | Reached XP level 9. HP: 21/54 MP: 8/8
  5151 | D:6      | Noticed a two-headed ogre
  5163 | D:6      | Killed a two-headed ogre
  5164 | D:6      | Reached skill level 13 in Ranged Weapons
  5381 | D:6      | Reached skill level 14 in Ranged Weapons
  5381 | D:6      | Reached skill level 1 in Evocations
  5994 | D:6      | Reached skill level 5 in Evocations
  6398 | D:7      | Reached XP level 10. HP: 59/59 MP: 9/9
  6399 | D:7      | Found an ornate altar of the Wu Jian Council.
  6793 | D:7      | Found a staircase to the Ecumenical Temple.
  6799 | Temple   | Entered the Ecumenical Temple
  6916 | D:8      | Noticed a cyclops
  6922 | D:8      | Killed a cyclops
  7009 | D:8      | Found a snail-covered altar of Cheibriados.
  7009 | D:8      | Found a shadowy altar of Dithmenos.
  7188 | D:8      | Found a burning altar of Makhleb.
  7843 | D:9      | Found a transporter.
  7845 | D:9      | Found a transporter.
  7900 | D:9      | Found a flagged portal.
  7980 | Bailey   | Entered a bailey
  8022 | Bailey   | Reached skill level 15 in Ranged Weapons
  8151 | Bailey   | Reached XP level 11. HP: 47/71 MP: 9/9
  8355 | Bailey   | Noticed Prince Ribbit
  8357 | Bailey   | Noticed a vault guard
  8369 | Bailey   | Killed a vault guard
  8370 | Bailey   | Reached skill level 16 in Ranged Weapons
  8373 | Bailey   | Killed Prince Ribbit
  8874 | Bailey   | Noticed a vault guard
  8883 | Bailey   | Killed a vault guard
  9219 | D:9      | Found a transporter.
  9227 | D:9      | Found a transporter.
  9286 | D:9      | Found a transporter.
  9289 | D:9      | Found a transporter.
  9678 | D:9      | Reached skill level 10 in Evocations
  9857 | D:9      | Found a staircase to the Orcish Mines.
  9975 | D:10     | Entered Level 10 of the Dungeon
  9975 | D:10     | Noticed Maurice
  9981 | D:10     | Killed Maurice
 10336 | D:10     | Found a stormy altar of Qazlal.
 10355 | D:10     | Noticed Psyche
 10361 | D:10     | Killed Psyche
 10511 | D:10     | Found Echitep's Fire Supplies.
 10512 | D:10     | Noticed Grum
 10527 | D:10     | Killed Grum
 10568 | D:10     | Bought a +1 cloak of fire resistance for 247 gold pieces
 10860 | D:10     | Found a hazy altar of Hepliaklqana.
 10862 | D:10     | Found an ancient bone altar of Kikubaaqudgha.
 10890 | D:10     | Reached XP level 12. HP: 55/76 MP: 10/10
 10893 | D:10     | Became a worshipper of Hepliaklqana the Forgotten
 11143 | D:11     | You fall into a shaft and drop 1 floor!
 11183 | D:11     | Reached skill level 10 in Dodging
 11292 | D:11     | Reached skill level 1 in Spellcasting
 11292 | D:11     | Reached skill level 1 in Hexes
 11292 | D:11     | Reached skill level 1 in Translocations
 11323 | D:11     | Noticed a minotaur
 11365 | D:11     | Noticed a two-headed ogre
 11369 | D:11     | Killed a two-headed ogre
 11420 | D:11     | Identified a scroll of acquirement
 11422 | D:11     | Acquired the amulet "Ephaetz" {Acrobat rC++ Will- rCorr}
 11591 | D:11     | Noticed a two-headed ogre
 11592 | D:11     | Noticed Lodul
 11610 | D:11     | Killed a two-headed ogre
 11622 | D:11     | Killed Lodul
 11682 | D:11     | Found a runed translucent gate.
 11682 | D:11     | Found a runed translucent gate.
 11682 | D:11     | Found a runed translucent gate.
 11797 | D:11     | Reached * piety under Hepliaklqana
 11969 | D:11     | Found a staircase to the Lair.
 12113 | D:11     | Noticed a two-headed ogre
 12277 | D:11     | Noticed jerryboi's ghost (journeyman HOFi)
 12301 | D:11     | Killed a two-headed ogre
 12342 | D:11     | Killed jerryboi's ghost
 12347 | D:11     | Killed a minotaur
 12488 | D:11     | Lost mutation: You have very sharp teeth. [potion of
                  | mutation]
 12488 | D:11     | Lost mutation: Your spells are a little harder to cast, but
                  | a little more powerful. [potion of mutation]
 12488 | D:11     | Lost mutation: Your magical capacity is low. (-10% MP)
                  | [potion of mutation]
 12488 | D:11     | Gained mutation: You are somewhat resistant to further
                  | mutation. [potion of mutation]
 12488 | D:11     | Gained mutation: You sometimes lose your temper in combat.
                  | [potion of mutation]
 12489 | D:11     | Lost mutation: You sometimes lose your temper in combat.
                  | [potion of mutation]
 12489 | D:11     | Lost mutation: You are somewhat resistant to further
                  | mutation. [potion of mutation]
 12489 | D:11     | Gained mutation: Your mind is acute. (Int +4, Str/Dex -1)
                  | [potion of mutation]
 12489 | D:11     | Gained mutation: You are vulnerable to cold. (rC-) [potion
                  | of mutation]
 12489 | D:11     | Gained mutation: You are partially covered in iridescent
                  | scales. (AC +2) [potion of mutation]
 12558 | D:12     | Noticed a boulder beetle
 12566 | D:12     | Killed a boulder beetle
 12567 | D:12     | Reached skill level 5 in Spellcasting
 12567 | D:12     | Reached skill level 5 in Hexes
 12629 | D:12     | Reached skill level 5 in Translocations
 12641 | D:12     | Learned a level 3 spell: Portal Projectile
 12747 | D:12     | Reached XP level 13. HP: 72/72 MP: 5/20
 13491 | Lair:1   | Entered Level 1 of the Lair of Beasts
 14446 | Lair:2   | Reached ** piety under Hepliaklqana
 14447 | Lair:2   | Remembered your ancestor Inhapi as a knight
 14515 | Lair:1   | HP: 3/72 [demonic crawler (9)]
 14720 | Lair:2   | Found a hole to the Spider Nest.
 15222 | Lair:2   | Found a staircase to the Swamp.
 15222 | Lair:2   | Noticed a ghost crab
 15233 | Lair:2   | Killed a ghost crab
 15554 | Lair:2   | Reached skill level 1 in Earth Magic
 15653 | Lair:2   | Found a shimmering blue altar of Sif Muna.
 16056 | Lair:3   | Identified the +3 whip of Juveacir {flame, Str+2 Dex+3}
 16245 | Lair:3   | Reached XP level 14. HP: 77/77 MP: 14/25
 16256 | Lair:3   | Reached skill level 5 in Earth Magic
 16484 | Lair:3   | Found a runed translucent door.
 16823 | Lair:3   | Reached *** piety under Hepliaklqana
 17017 | Lair:3   | Noticed a dire elephant
 17315 | Lair:3   | Killed a dire elephant
 18056 | Lair:4   | Found a staircase to the Slime Pits.
 18056 | Lair:4   | Found a viscous altar of Jiyva.
 18411 | Lair:4   | Found a blossoming altar of Fedhas.
 18847 | Lair:5   | Entered Level 5 of the Lair of Beasts
 18916 | Lair:4   | Learned a level 4 spell: Leda's Liquefaction
 19132 | Lair:5   | Reached skill level 17 in Ranged Weapons
 19142 | Lair:5   | Reached **** piety under Hepliaklqana
 19332 | Lair:5   | Noticed a dire elephant
 19340 | Lair:5   | Noticed a dire elephant
 19342 | Lair:5   | Noticed a dire elephant
 19463 | Lair:5   | Killed a dire elephant
 19464 | Lair:5   | Reached skill level 18 in Ranged Weapons
 19637 | Lair:5   | Reached skill level 1 in Invocations
 19730 | Lair:5   | Identified the +1 leather armour of Oblivion {Dex+3}
 19800 | Lair:5   | Reached XP level 15. HP: 81/81 MP: 26/26
 20109 | Lair:5   | Reached skill level 5 in Invocations
 20949 | Orc:1    | Entered Level 1 of the Orcish Mines
 20982 | Orc:1    | Found Nughigg's Assorted Antiques.
 21057 | Orc:1    | Found Keg Sunur's Magic Scroll Emporium.
 21335 | Orc:1    | Reached ***** piety under Hepliaklqana
 21350 | Orc:1    | Found Giemidek's Antique Weapon Boutique.
 21562 | Orc:2    | Entered Level 2 of the Orcish Mines
 21606 | Orc:2    | Found Isorolim's Armour Emporium.
 21612 | Orc:2    | Bought the +4 moon troll leather armour {Spirit, Regen++
                  | MP+5} for 708 gold pieces
 21612 | Orc:2    | Found the +4 moon troll leather armour {Spirit, Regen++
                  | MP+5}
 22237 | Orc:2    | Found Dyilez's Antique Armour Shop.
 22348 | Orc:2    | Found Zeakaps's General Store.
 22353 | Orc:2    | Bought a +0 pair of boots of stealth for 149 gold pieces
 22390 | Orc:2    | Found Jeter's Book Shoppe.
 22400 | Orc:2    | Found Saicenip's General Store.
 22405 | Orc:2    | Bought a scroll of brand weapon for 133 gold pieces
 22405 | Orc:2    | Bought a scroll of enchant weapon for 105 gold pieces
 22426 | Orc:2    | Found a staircase to the Elven Halls.
 22657 | Swamp:1  | Entered Level 1 of the Swamp
 22663 | Swamp:1  | Reached skill level 19 in Ranged Weapons
 22670 | Swamp:1  | Noticed Frances
 22680 | Swamp:1  | Killed Frances
 23712 | Swamp:1  | Reached skill level 20 in Ranged Weapons
 23968 | Swamp:2  | Reached XP level 16. HP: 86/86 MP: 21/28
 24235 | Swamp:2  | HP: 4/86 [poison (poison gas)]
 24240 | Swamp:2  | HP: 4/86 [poison (poison gas)]
 24311 | Swamp:2  | Noticed a tentacled monstrosity
 24327 | Swamp:2  | Killed a tentacled monstrosity
 24332 | Swamp:2  | Reached skill level 10 in Spellcasting
 24984 | Swamp:2  | Reached skill level 10 in Fighting
 24999 | Swamp:2  | Noticed a fenstrider witch
 25002 | Swamp:2  | Paralysed by a fenstrider witch for 2 turns
 25225 | Swamp:2  | Killed a fenstrider witch
 25278 | Swamp:2  | Found an ancient bone altar of Kikubaaqudgha.
 25284 | Swamp:2  | Got the Compilation of Lamentation
 26235 | Swamp:4  | Entered Level 4 of the Swamp
 26364 | Swamp:4  | Found a runed translucent gate.
 26364 | Swamp:4  | Found a runed translucent gate.
 26364 | Swamp:4  | Found a runed translucent gate.
 26366 | Swamp:4  | Noticed jejorda2's ghost (adept MfBe)
 26366 | Swamp:4  | Noticed a thorn hunter
 26768 | Swamp:4  | Reached XP level 17. HP: 99/99 MP: 27/31
 26816 | Swamp:4  | Noticed the 27-headed Lernaean hydra
 26824 | Swamp:4  | Killed the 26-headed Lernaean hydra
 27067 | Swamp:4  | Identified the +0 leather armour "Senin" {rC+ Int+3}
 27092 | Swamp:4  | Got a decaying rune of Zot
 27434 | Swamp:4  | Reached skill level 15 in Fighting
 27440 | Swamp:4  | Reached skill level 1 in Armour
 27757 | Swamp:4  | Killed a thorn hunter
 28272 | Swamp:2  | Killed jejorda2's ghost
 28949 | Spider:1 | Entered Level 1 of the Spider Nest
 29043 | Spider:1 | Identified Roxanne's Opusculum on Shapes
 29043 | Spider:1 | Noticed Roxanne
 29063 | Spider:1 | Noticed Agnes
 29091 | Lair:2   | Killed Agnes
 29411 | Spider:1 | Reached skill level 5 in Armour
 29697 | Spider:1 | Killed Roxanne
 30054 | Spider:1 | Reached skill level 1 in Transmutations
 31141 | Spider:2 | Demolished by a radroach

Illustrated notes

Levels and vault maps discovered:
D:1:      roderic_crop_circles_arrival_small, layout_basic,
          hellmonk_ecumenical_altar_watching_god
D:2:      layout_basic, minmay_hexomino_r4
D:3:      layout_basic, grunt_temple_overflow_cloverleaf, serial_shops, shop,
          nicolae_shop_overgrown_old_shop, shop_coins,
          nicolae_shop_bloodbath_and_beyond, ebering_ghost_reflecting_pool
D:4:      layout_basic, gammafunk_temple_overflow_statue, corexii_shack,
          uniq_blork_the_orc, uniq_ijyb
D:5:      layout_basic, serial_shops, shop, enter_ossuary_2, uniq_grinder
D:6:      layout_loops_corners
D:7:      layout_cave_pools, nicolae_wu_jian_wuxing_cycle, temple_pool_b
D:8:      layout_loops_ring, gammafunk_temple_overflow_wave,
          mainiacjoe_overflow_tiny_flanked, kennysheep_generic_room_9
D:9:      layout_cave_pools, erik_orc_1, enter_bailey_6, serial_nicolae_subway,
          nicolae_sub_station_stone, nicolae_sub_station_metal,
          nicolae_sub_station_crystal
D:10:     layout_loops_ring, mainiacjoe_overflow_brackets,
          mainiacjoe_overflow_big_doors, nicolae_shop_fire_sale
          [nicolae_sub_dead_trees], uniq_psyche, uniq_maurice, uniq_grum
D:11:     layout_cave_pods, lair_entry_dummy, maelrawn_ghost_gauntlet_escape,
          uniq_lodul
D:12:     layout_loops_ring
Temple:   hellmonk_temple_rainy
Lair:1:   layout_concentric_octagons, beast_lair_carwin_6, serial_bayou_shore_a
Lair:2:   layout_chaotic_city, nicolae_swamp_entry_spooky,
          nicolae_spider_entry_non_spiders, lemuel_centaur_altar
Lair:3:   gammafunk_lair_enchanted_lake, layout_misc_corridors,
          nicolae_volcano_entry_s_turn, serial_bayou_shore_b, grunt_megastairs_4
Lair:4:   layout_regular_city, slime_entry_1, tgw_fedhas, uniq_rupert
Lair:5:   due_jungle_book, layout_long_grid
Swamp:1:  layout_basic_swamp, serial_swamp_ruin, evilmike_swamp_ruin_house_6,
          hangedman_swamp_ruin_wall, evilmike_swamp_ruin_house_2, uniq_frances
Swamp:2:  layout_basic_swamp, nicolae_swamp_small_spring,
          nicolae_swamp_stair_fork, swamp_pool1, beargit_kiku_chapel
Swamp:3:  layout_basic_swamp, evilmike_swamp_ruin_rubble_2
Swamp:4:  swamp_old_school, layout_basic_swamp, gammafunk_ghost_split,
          lightli_tree_ring
Spider:1: layout_spider_delve, uniq_roxanne, uniq_agnes
Spider:2: layout_spider_delve
Orc:1:    layout_caves, serial_shops, nicolae_diamond_shop,
          nicolae_shop_advertising_works [nicolae_subvault_shop_adworks],
          nicolae_shop_behind_doors, mines2_david
Orc:2:    st_orc_town, layout_caves, serial_shops, nicolae_lakefront_shop,
          basic_altar

Skill      XL: |  1  2  3  4  5  6  7  8  9 10 11 12 13 14 15 16 17 |
---------------+----------------------------------------------------+-----
Fighting       | 3 4 5 9 13 15 | 15.0
Ranged Weapons | 7 8 10 12 14 15 16 18 20 | 20.0
Dodging        | 5 6 9 10 | 10.0
Evocations     | 6 10 | 10.0
Spellcasting   | 5 7 8 10 | 10.0
Hexes          | 5 7 |  7.6
Translocations | 5 7 |  7.6
Earth Magic    | 4 8 |  8.7
Invocations    | 3 9 |  9.0
Armour         | 6 |  6.0
Transmutations | 4 |  4.6
Stealth        | |  1.3

Action                     |  1- 3 |  4- 6 |  7- 9 | 10-12 | 13-15 | 16-18 || total
---------------------------+-------+-------+-------+-------+-------+-------++-------
   Fire: Shortbow          |    71 |    96 |   240 |   642 |  1272 |   716 ||  3037
   Cast: Portal Projectile |       |       |       |     1 |    29 |    27 ||    57
         Leda's Liquefacti |       |       |       |       |    14 |    11 ||    25
 Invoke: Recall Ancestor   |       |       |       |       |     2 |     1 ||     3
         Ancestor Life: Kn |       |       |       |       |     1 |       ||     1
         Idealise          |       |       |       |       |     1 |     4 ||     5
         Transference      |       |       |       |       |       |     1 ||     1
  Evoke: Wand              |       |     2 |     7 |     8 |     1 |     7 ||    25
         Condenser vane    |       |       |       |       |       |     3 ||     3
         Lightning rod     |       |       |       |       |       |     1 ||     1
    Use: Scroll            |     6 |     3 |    15 |    11 |     4 |     7 ||    46
         Potion            |       |     3 |     4 |     8 |     2 |     5 ||    22
 Armour: Leather armour    |    11 |    23 |    14 |    12 |       |       ||    60
         Skin              |       |       |     3 |       |       |       ||     3
         Acid dragon scale |       |       |       |    49 |       |       ||    49
         Troll leather arm |       |       |       |    17 |   159 |   140 ||   316
  Dodge: Dodged            |    22 |    49 |    82 |   266 |   549 |   472 ||  1440

Table legend: (Time is in decaauts)
 A = Elapsed time spent in this place.
 B = Non-inter-level travel time spent in this place.
 C = Inter-level travel time spent in this place.
 D = Time resting spent in this place.
 E = Time spent auto-exploring this place.
 F = Levels seen in this place.
 G = Mean time per level.
                   A        B        C        D        E       F      G
               +--------+--------+--------+--------+--------+-----+--------+
         Total |  31079 |  29321 |   1758 |   4649 |  20143 |  28 | 1110.0 |
       Dungeon |  11933 |  11076 |    857 |    793 |   8699 |  12 |  994.4 |
        Temple |     31 |     18 |     13 |      0 |     12 |   1 |   31.0 |
          Lair |   7723 |   7121 |    602 |    849 |   5032 |   5 | 1544.6 |
         Swamp |   6215 |   6021 |    194 |   1709 |   3453 |   4 | 1553.8 |
   Spider Nest |   1907 |   1879 |     28 |    413 |   1195 |   2 |  953.5 |
  Orcish Mines |   1496 |   1433 |     63 |      0 |   1147 |   2 |  748.0 |
       Ossuary |    675 |    675 |      0 |    124 |    441 |   1 |  675.0 |
        Bailey |   1096 |   1096 |      0 |    761 |    163 |   1 | 1096.0 |
               +--------+--------+--------+--------+--------+-----+--------+

Top non-repeatable levels by time:
 Swamp:2: 2207 daAuts
Spider:1: 1828 daAuts
  Lair:5: 1793 daAuts
  Lair:2: 1775 daAuts
 Swamp:4: 1712 daAuts
  Lair:3: 1576 daAuts
     D:6: 1464 daAuts
    D:11: 1426 daAuts
  Lair:4: 1424 daAuts
 Swamp:1: 1321 daAuts
    D:10: 1274 daAuts
  Lair:1: 1153 daAuts
     D:9: 1151 daAuts
  Bailey: 1096 daAuts
 Swamp:3: 973 daAuts
